 Dungeon Crawl Stone Soup version 0.17.0-24-gcfadda4 (webtiles) character file.

2494 Sorcv the Covert (level 9, -3/63 HPs)
             Began as a Mummy Enchanter on Nov 15, 2015.
             Engulfed by a cloud of flame (19 damage)
             ... on level 7 of the Dungeon.
             The game lasted 00:25:49 (4336 turns).

Sorcv the Covert (Mummy Enchanter)                  Turns: 4336, Time: 00:25:49

Health: -3/63      AC:  7    Str: 12    XL:     9   Next: 28%
Magic:  2/12       EV: 12    Int: 14    God:
Gold:   208        SH:  0    Dex: 15    Spells: 3 memorised, 6 levels left

rFire  x . .     SeeInvis .     e - +3 short sword (freeze)
rCold  + . .     Clarity  .     b - +1 robe
rNeg   + + +     SustAt   .     (no shield)
rPois  ∞         Gourm    .     (no helmet)
rElec  .         Spirit   .     g - +0 cloak
rCorr  .         Warding  .     (no gloves)
rMut   .         Stasis   .     (no boots)
MR     +....                    (no amulet)
Stlth  ++++......               (no ring)
                                d - +3 ring of protection

@: marked, somewhat resistant to hostile enchantments, stealthy
A: no food or potions, fire vulnerability, cold resistance 1, negative energy
resistance 3, torment resistance, unbreathing
a: no special abilities


You were on level 7 of the Dungeon.
You were not hungry.

You visited 2 branches of the dungeon, and saw 9 of its levels.
You also visited: Sewer.

You collected 338 gold pieces.
You spent 130 gold pieces at shops.

Inventory:

Hand Weapons
 a - a +1 dagger
 e - a +3 short sword of freezing (weapon)
Armour
 b - a +1 robe (worn)
 g - a +0 cloak (worn)
 p - a cursed +0 cloak
 q - a +0 buckler
Jewellery
 d - a +3 ring of protection (left hand)
Wands
 j - a wand of heal wounds (5)
 k - a wand of polymorph (14)
Scrolls
 f - 5 scrolls of remove curse
 h - a scroll of enchant armour
 i - 4 scrolls of amnesia
 m - a scroll of recharging
 n - a scroll of blinking {unknown}
 o - a scroll of torment {unknown}
Books
 c - a book of Maledictions

   Spells                             Type                      Level
   a - Corona                         Hexes                        1
   b - Ensorcelled Hibernation        Hexes/Ice                    2
   c - Confuse                        Hexes                        3
   d - Tukima's Dance                 Hexes                        3
   e - Dazzling Spray                 Conjuration/Hexes            3


   Skills:
 - Level 3.0 Fighting
 + Level 4.9 Short Blades
 - Level 1.5 Dodging
 * Level 8.5 Stealth
 - Level 2.0 Spellcasting
 - Level 5.3 Hexes
 - Level 2.1 Evocations


You had 6 spell levels left.
You knew the following spells:

 Your Spells              Type           Power        Failure   Level  Hunger
a - Corona                Hex            ###....      2%          1    N/A
b - Ensorcelled Hibernat  Hex/Ice        #.....       14%         2    N/A
c - Confuse               Hex            ###.....     10%         3    N/A

Dungeon Overview and Level Annotations

Branches:
Dungeon (8/15)             Temple (1/1) D:6
   Lair: D:8-11

Altars:
Cheibriados
Dithmenos
Elyvilon
Fedhas
Gozag
Kikubaaqudgha
Makhleb
Okawaru
Ru
Sif Muna
Trog
Vehumet
Xom
Yredelemnul
Zin
The Shining One

Shops:
D:7 %[

Annotations:
D:3 Robin, Sigmund


Innate Abilities, Weirdness & Mutations

You do not eat or drink.
Your flesh is vulnerable to fire.
You are immune to poison.
Your flesh is cold resistant.
You are immune to negative energy.
You are immune to unholy pain and torment.
You can survive without breathing.


Message History

The ice beast hits you but does no damage.
You hit the orc but do no damage. The orc completely misses you.
The ice beast barely misses you.
You hit the orc. You freeze the orc.
The orc is severely wounded.
The orc barely misses you. The ice beast closely misses you.
You hit the orc. You freeze the orc.
The orc explodes!
The fiery explosion engulfs the orc.
The orc explodes!
The fiery explosion engulfs the orc.
The orc explodes!
The fiery explosion engulfs the orc.
You kill the orc!
The fiery explosion engulfs the crimson imp.
The crimson imp completely resists.
The fiery explosion engulfs you! The fire burns you terribly!
* * * LOW HITPOINT WARNING * * *
You are engulfed in roaring flames.
You die...

.........#########.#
#.......<......5...# ###
#.#####.########... ..# #.#
#.# ##)## #.# #.#
#.#######..%########.# #.#
#.##.o..%§#§5†.H..o..## ##
#.#
#.##.####§§§#######...##...
#.#####.##.# ##§##
#..........# ...........#
#@# #.###...##.#
#.#####.#### #Y# #.# ##.##
#.#####.########o####.# #.#
.....................!# #.#
###.....).######J.##### #.#
###.∩.....######..# #<#
...............#..# #.#
.o#o..............# #.#
#.......o>####.#.## #.#


You could see an ice beast (inner flame), a crimson imp, an ooze and an orc
(inner flame).

Vanquished Creatures
  Pikel (D:5)
  2 humans
  2 hippogriffs (D:7)
  Menkaure (D:5)
  Edmund (D:4)
  An ice beast (D:6)
  An orc warrior (D:7)
  A phantom (D:6)
  2 centaurs
  A big kobold (D:8)
  3 giant frogs
  A scorpion (D:4)
  3 hounds
  2 orc wizards
  A crimson imp (D:7)
  2 orc priests (D:6)
  4 worker ants
  Jessica (D:2)
  A gnoll (D:8)
  3 adders
  3 oozes
  An adder skeleton (D:4)
  2 worms
  2 giant geckos
  7 orcs
  5 ball pythons
  6 goblins
  6 hobgoblins
  10 jackals
  6 kobolds
  6 quokkas
  3 bats
  9 giant cockroaches
  6 giant newts
  7 rats (D:1)
  A butterfly (D:6)
114 creatures vanquished.

Notes
Turn   | Place    | Note
--------------------------------------------------------------
     0 | D:1      | Sorcv the Mummy Enchanter began the quest for the Orb.
     0 | D:1      | Reached XP level 1. HP: 13/13 MP: 3/3
    42 | D:1      | Reached skill level 1 in Short Blades
   149 | D:1      | Reached skill level 1 in Fighting
   197 | D:1      | Reached XP level 2. HP: 14/21 MP: 5/5
   853 | D:2      | Found a glowing golden altar of the Shining One.
   968 | D:2      | Reached XP level 3. HP: 21/26 MP: 4/6
   972 | D:2      | Learned a level 2 spell: Ensorcelled Hibernation
   976 | D:2      | Learned a level 3 spell: Confuse
   984 | D:2      | Found a glowing silver altar of Zin.
  1057 | D:2      | Noticed Jessica
  1066 | D:2      | Killed Jessica
  1411 | D:3      | Noticed Sigmund
  1496 | D:3      | Reached XP level 4. HP: 33/33 MP: 7/7
  1559 | D:3      | Noticed Robin
  1849 | D:4      | Reached skill level 3 in Hexes
  1849 | D:4      | Reached XP level 5. HP: 37/39 MP: 5/8
  2453 | D:5      | Entered Level 5 of the Dungeon
  2453 | D:5      | Noticed Edmund
  2467 | D:4      | Reached skill level 1 in Evocations
  2473 | D:4      | Killed Edmund
  2473 | D:4      | Reached XP level 6. HP: 34/46 MP: 1/9
  2559 | D:5      | Noticed a slave
  2559 | D:5      | Noticed a slave
  2682 | D:5      | Noticed a centaur
  2697 | D:5      | Killed a centaur
  2737 | D:5      | Noticed a slave
  2744 | D:5      | Noticed Pikel
  2744 | D:5      | Noticed Menkaure
  2887 | D:6      | Found a staircase to the Ecumenical Temple.
  2894 | Temple   | Entered the Ecumenical Temple
  3128 | D:6      | Reached skill level 4 in Stealth
  3128 | D:6      | Reached XP level 7. HP: 45/52 MP: 6/10
  3206 | D:6      | Found a deep blue altar of Sif Muna.
  3297 | D:6      | Found a glowing drain.
  3305 | Sewer    | Entered a sewer
  3659 | D:5      | Noticed a slave
  3677 | D:5      | Killed Menkaure
  3677 | D:5      | Reached skill level 5 in Stealth
  3771 | D:5      | Reached XP level 8. HP: 51/58 MP: 3/11
  3787 | D:5      | Killed Pikel
  3787 | D:5      | Reached skill level 6 in Stealth
  3787 | D:5      | Reached skill level 5 in Hexes
  3841 | D:6      | Reached skill level 7 in Stealth
  3932 | D:7      | Found Boukutto's Food Emporium.
  4013 | D:7      | Found an iron altar of Okawaru.
  4082 | D:8      | Reached XP level 9. HP: 20/63 MP: 0/12
  4156 | D:7      | Reached skill level 8 in Stealth
  4203 | D:8      | Found a shimmering altar of Xom.
  4306 | D:7      | Found Caxt's Antique Armour Shoppe.
  4315 | D:7      | Bought a buckler for 130 gold pieces
  4336 | D:7      | Engulfed by a cloud of flame

Action                   |  1- 3 |  4- 6 |  7- 9 || total
-------------------------+-------+-------+-------++-------
Melee: Dagger            |   117 |    15 |       ||   132
       Short sword       |       |    94 |   157 ||   251
 Cast: Corona            |     6 |     4 |     3 ||    13
       Ensorcelled Hiber |     3 |    13 |    29 ||    45
       Confuse           |       |     2 |     3 ||     5
Evoke: Wand              |       |     1 |     3 ||     4
  Use: Scroll            |       |     8 |     4 ||    12
 Stab: Sleeping          |     4 |    10 |    17 ||    31
       Confused          |       |     2 |     2 ||     4
